 Dungeon Crawl Stone Soup version 0.24-a0-539-g6aae15eeb0 (webtiles) character file.

Game seed: 3304213015415872317

5947 Peloso the Carver (level 10, -12/87 (88) HPs)
             Began as a Minotaur Fighter on Aug 17, 2019.
             Was a Priest of Okawaru.
             Mangled by a manticore (17 damage)
             ... on level 10 of the Dungeon.
             The game lasted 00:18:01 (8948 turns).

Peloso the Carver (Minotaur Fighter)                Turns: 8948, Time: 00:18:02

HP:   -12/87 (88)   AC: 14    Str: 22    XL:     10   Next: 54%
MP:   9/9           EV:  8    Int:  5    God:    Okawaru [***...]
Gold: 564           SH: 12    Dex: 12    Spells: 9/9 levels left

rFire    + + .     SeeInvis .   a - +2 falchion (pain)
rCold    x . .     Gourm    .   c - +0 shield
rNeg     . . .     Faith    .   b - +3 chain mail {rF+}
rPois    .         Spirit   .   (helmet restricted)
rElec    .         Reflect  .   (no cloak)
rCorr    .         Harm     .   (no gloves)
MR       .....                  (no boots)
Stlth    ..........             v - amulet of the acrobat
HPRegen  0.24/turn              k - ring of fire
MPRegen  0.11/turn              (no ring)

@: no status effects
A: retaliatory headbutt, horns 2
a: Heroism, Renounce Religion


You were on level 10 of the Dungeon.
You worshipped Okawaru.
Okawaru was most pleased with you.
You were hungry.

You visited 2 branches of the dungeon, and saw 11 of its levels.
You also visited: Ossuary.

You collected 564 gold pieces.

Inventory:

Hand Weapons
 a - a +2 falchion of pain (weapon)
Armour
 b - a +3 chain mail of fire resistance (worn)
 c - a +0 shield (worn)
Jewellery
 k - a ring of fire (left hand)
 q - an uncursed amulet of guardian spirit
 v - an amulet of the acrobat (around neck)
Wands
 y - a wand of acid (10)
 A - a wand of disintegration (12)
Scrolls
 e - 6 scrolls of remove curse {unknown}
 g - 2 scrolls of enchant weapon {unknown}
 i - 2 scrolls of blinking {unknown}
 j - 4 scrolls of fog {unknown}
 l - 2 scrolls of amnesia
 n - 2 scrolls of teleportation {unknown}
 p - 7 scrolls of identify
 r - a scroll of enchant armour {unknown}
 u - a scroll of magic mapping {unknown}
 x - a scroll of acquirement {unknown}
Potions
 d - 4 potions of might
 h - 5 potions of curing
 m - a potion of heal wounds
 o - 2 potions of magic {unknown}
 s - 3 potions of brilliance {unknown}
 t - 2 potions of invisibility {unknown}
 w - 2 potions of flight {unknown}
 z - a potion of agility {unknown}
 B - a potion of berserk rage {unknown}
Comestibles
 f - 15 rations


   Skills:
 + Level 7.8 Fighting
 + Level 11.6 Long Blades
 + Level 9.0 Armour
 + Level 3.2 Dodging
 + Level 0.8 Stealth
 + Level 10.5 Shields


You had 9 spell levels left.
You didn't know any spells.
Your spell library was empty.

Dungeon Overview and Level Annotations

Branches:
Dungeon (10/15)            Temple (1/1) D:7            Lair (0/6) D:8
    Orc: D:9-12

Altars:
Cheibriados
Elyvilon
Gozag
Kikubaaqudgha
Okawaru
Qazlal
Uskayaw
Vehumet
Wu Jian
Yredelemnul

Annotations:
D:8 1 runed translucent door, ijan1's ghost, novice DsEn


Innate Abilities, Weirdness & Mutations

You reflexively headbutt those who attack you in melee.
You have a pair of horns on your head.


Message History

The manticore is lightly wounded.
The bullfrog skeleton closely misses you.
The manticore bites you. The manticore claws you! The manticore claws you.
You closely miss the manticore.
The manticore is lightly wounded.
You block the bullfrog skeleton's attack.
The manticore bites you!! The manticore claws you. x2
* * * LOW HITPOINT WARNING * * *
You hit the manticore.
The manticore is moderately wounded.
The bullfrog skeleton hits you but does no damage.
The manticore bites you!
* * * LOW HITPOINT WARNING * * *
The manticore barely misses you. You block the manticore's attack.
You hit the manticore.
The manticore is moderately wounded.
The bullfrog skeleton hits you.
* * * LOW HITPOINT WARNING * * *
The manticore bites you!
You die...

# #...........# #
#............ ..
#...........# #.
#........... ..
........#.# . .
##...#.##.## .
#..HZ.!..... .
#...@#..#.# .
#.......#.# .
######..#.#
#.......#.#
#.#####.#.##
#........####
#...........#######
#...........'......
.....#.#.....#######


You could see a manticore and a bullfrog skeleton.

Vanquished Creatures
  Psyche (D:9)
  Grinder (D:3)
  Sigmund (D:2)
  7 yaks
  Eustachio (D:3)
  A steam dragon (D:9)
  3 wargs
  Menkaure (D:3)
  2 orc warriors
  2 black bears
  A phantom (D:6)
  3 ogres
  2 necrophages (D:8)
  4 centaurs
  Blork the orc (D:4)
  6 bullfrogs
  2 elf zombies (Ossuary)
  2 big kobolds
  3 howler monkeys
  2 crimson imps (D:7)
  4 hounds
  2 human zombies (Ossuary)
  4 jellies
  6 orc priests
  A gnoll shaman (D:8)
  2 iguanas
  Terence (D:2)
  12 orc wizards
  5 worker ants
  2 mummies (Ossuary)
  A worker ant zombie (D:7)
  Robin (D:2)
  A howler monkey skeleton (D:6)
  12 adders
  7 gnolls
  A shadow imp (D:7)
  An ooze (D:1)
  2 adder zombies (Ossuary)
  2 adder skeletons
  2 worms
  A dart slug (D:3)
  2 leopard geckos
  31 orcs
  10 bats
  4 giant cockroaches
  21 goblins
  9 hobgoblins
  20 jackals
  3 quokkas
  3 frilled lizards
  2 goblin zombies (Ossuary)
  10 hobgoblin zombies (Ossuary)
  23 kobolds
  9 kobold zombies (Ossuary)
  A leopard gecko skeleton (D:4)
  9 orc zombies (Ossuary)
  A quokka skeleton (D:6)
  A quokka zombie (D:5)
  7 rats
  A rat zombie (Ossuary)
283 creatures vanquished.

Vanquished Creatures (others)
  An orc priest (D:9)
  A goblin (D:2)
  2 withered plants (D:8)
4 creatures vanquished.

Grand Total: 287 creatures vanquished

Notes
Turn   | Place    | Note
-------+----------+-------------------------------------------
     0 | D:1      | Peloso the Minotaur Fighter began the quest for the Orb.
     0 | D:1      | Reached XP level 1. HP: 19/19 MP: 0/0
   108 | D:1      | Reached XP level 2. HP: 27/27 MP: 1/1
   204 | D:1      | Reached XP level 3. HP: 33/33 MP: 2/2
   742 | D:2      | Noticed Terence
   749 | D:2      | Killed Terence
   749 | D:2      | Reached skill level 3 in Long Blades
   754 | D:2      | Reached XP level 4. HP: 26/40 MP: 3/3
   891 | D:2      | Reached skill level 4 in Long Blades
  1091 | D:2      | Noticed Robin
  1113 | D:2      | Killed Robin
  1115 | D:2      | Reached XP level 5. HP: 19/46 MP: 4/4
  1418 | D:2      | Reached skill level 5 in Shields
  1420 | D:2      | Noticed Sigmund
  1451 | D:2      | Killed Sigmund
  1451 | D:2      | Reached skill level 5 in Long Blades
  1451 | D:2      | Reached skill level 5 in Armour
  1451 | D:2      | Reached skill level 1 in Dodging
  1451 | D:2      | Reached XP level 6. HP: 15/53 MP: 5/5
  2043 | D:3      | Found a snail-covered altar of Cheibriados.
  2078 | D:3      | Noticed Grinder
  2089 | D:3      | Paralysed by Grinder for 3 turns
  2093 | D:3      | Killed Grinder
  2093 | D:3      | Reached skill level 6 in Long Blades
  2093 | D:3      | Reached XP level 7. HP: 35/60 MP: 6/6
  2479 | D:4      | Noticed Eustachio
  2680 | D:4      | Noticed Blork the orc
  2715 | D:3      | Killed Eustachio
  2909 | D:4      | Killed Blork the orc
  2909 | D:4      | Reached skill level 5 in Fighting
  2988 | D:4      | Noticed Menkaure
  3153 | D:3      | Killed Menkaure
  3153 | D:3      | Reached XP level 8. HP: 49/68 MP: 7/7
  3496 | D:4      | Reached skill level 7 in Long Blades
  3939 | D:5      | Entered Level 5 of the Dungeon
  4405 | D:5      | Reached skill level 8 in Long Blades
  5446 | D:7      | Found a sand-covered staircase.
  5451 | Ossuary  | Entered an ossuary
  5656 | Ossuary  | Reached XP level 9. HP: 46/75 MP: 8/8
  5802 | D:7      | Reached skill level 9 in Long Blades
  5838 | D:7      | Found a staircase to the Ecumenical Temple.
  5855 | Temple   | Entered the Ecumenical Temple
  5928 | Temple   | Became a worshipper of Warmaster Okawaru
  6721 | D:7      | Reached skill level 10 in Long Blades
  7196 | D:8      | Found a staircase to the Lair.
  7240 | D:8      | Reached * piety under Okawaru
  7553 | D:8      | Found a runed translucent door.
  7554 | D:8      | Noticed ijan1's ghost (novice DsEn)
  8194 | D:9      | Reached ** piety under Okawaru
  8194 | D:9      | Reached XP level 10. HP: 78/85 MP: 9/9
  8315 | D:9      | Reached skill level 11 in Long Blades
  8342 | D:9      | Reached skill level 10 in Shields
  8413 | D:9      | Found a white marble altar of Elyvilon.
  8551 | D:9      | Noticed Psyche
  8562 | D:9      | Killed Psyche
  8751 | D:10     | Entered Level 10 of the Dungeon
  8861 | D:10     | Reached *** piety under Okawaru
  8938 | D:10     | Noticed a manticore
  8948 | D:10     | Mangled by a manticore

Levels and vault maps discovered:
D:1:      scummos_arrival_star, layout_loops_ring
D:2:      layout_basic, bh_walls_and_bars, uniq_terence, uniq_sigmund,
          uniq_robin
D:3:      layout_basic, cheibriados_altar_1, uniq_grinder
D:4:      layout_cave_pools, first_ration, uniq_blork_the_orc, uniq_eustachio,
          uniq_menkaure
D:5:      layout_loops_corners
D:6:      layout_loops_ring
D:7:      layout_rooms, minmay_temple_entry_mini_moons,
          nicolae_ossuary_entry_plus
D:8:      layout_layer_cave, erik_lair_orcish_takeover, gammafunk_ghost_grave,
          roderic_st_hans_cross, small_statue_intersection
D:9:      corexii_shack_village, layout_rooms, basic_altar, feat_on_display,
          uniq_psyche
D:10:     layout_basic
Temple:   roderic_octagonal_lattice_temple

Skill      XL: |  1  2  3  4  5  6  7  8  9 10 |
---------------+-------------------------------+-----
Shields        | 4 5 7 8 9 10 | 10.5
Armour         | 4 5 6 7 8 9 |  9.0
Fighting       | 4 5 7 |  7.8
Long Blades    | 3 4 5 6 8 10 11 | 11.6
Dodging        | 1 2 3 |  3.2
Stealth        | |  0.8

Action                   |  1- 3 |  4- 6 |  7- 9 | 10-12 || total
-------------------------+-------+-------+-------+-------++-------
Melee: Long sword        |    61 |   138 |   243 |       ||   442
       Headbutt          |     9 |    24 |   126 |    34 ||   193
       Falchion          |       |       |   371 |   153 ||   524
  Use: Scroll            |     4 |       |     2 |       ||     6
       Potion            |       |     1 |       |       ||     1
  Eat: Chunk             |       |     4 |    16 |     3 ||    23
       Ration            |       |       |     1 |       ||     1
Armor: Scale mail        |    33 |       |       |       ||    33
       Chain mail        |       |    80 |   325 |    43 ||   448
Dodge: Dodged            |    20 |    23 |   173 |    42 ||   258
Block: Shield            |    45 |    68 |   339 |    95 ||   547
       Rpst.: Long sword |     7 |     4 |    24 |       ||    35
       Falchion          |       |       |    20 |     7 ||    27

Table legend:
 A = Non-vault XP
 B = Vault XP
 C = Vault XP percentage of total XP
 D = Non-vault monster count
 E = Vault monster count
 F = Vault count percentage of total count
                 A         B        C        D         E       F
            +---------+---------+-------+---------+---------+-------
      Total |    6070 |    2427 |  28.6 |     207 |      76 |  26.9
            +---------+---------+-------+---------+---------+-------
        D:1 |      56 |       0 |   0.0 |      25 |       0 |   0.0
        D:2 |     104 |     296 |  74.0 |      22 |      12 |  35.3
        D:3 |     232 |     661 |  74.0 |      28 |       3 |   9.7
        D:4 |     440 |      99 |  18.4 |      21 |       1 |   4.5
        D:5 |     324 |       0 |   0.0 |      11 |       0 |   0.0
        D:6 |     355 |       0 |   0.0 |      10 |       0 |   0.0
        D:7 |     678 |     173 |  20.3 |      32 |       1 |   3.0
        D:8 |    1012 |     445 |  30.5 |      26 |       7 |  21.2
        D:9 |    2042 |     400 |  16.4 |      26 |      13 |  33.3
       D:10 |     827 |       0 |   0.0 |       6 |       0 |   0.0
    Ossuary |       0 |     353 | 100.0 |       0 |      39 | 100.0
            +---------+---------+-------+---------+---------+-------
